TOP OF THE 1ST |
York Revolution batting - Pitching for Detroit Red Wings : LHP Estêvão Cavadas
|
Pitching: LHP Estêvão Cavadas
|
|
Batting: LHB Jonathan Roman
|
0-0: Called Strike 0-1: Called Strike 0-2: Ball 1-2: Fly out, F4 (Line Drive, 4, EV 69.4 MPH)
|
Batting: RHB Victor Arias
|
0-0: Ball 1-0: Called Strike 1-1: Called Strike 1-2: Ball 2-2: Ball 3-2: Base on Balls
|
Batting: LHB Joel Moore
|
0-0: Ball 1-0: Ground out 5-3 (Groundball, 5S, EV 66.9 MPH) Victor Arias to second
|
Batting: RHB Guan-pei Gao
|
0-0: Called Strike 0-1: Called Strike 0-2: Foul Ball, location: 2F 0-2: Ground out U3 (Groundball, 34S, EV 82.5 MPH)
|
Top of the 1st over - 0 runs, 0 hits, 0 errors, 1 left on base; York 0 - Detroit 0 |
BOTTOM OF THE 1ST |
Detroit Red Wings batting - Pitching for York Revolution : RHP Jeremy Trotter
|
Pitching: RHP Jeremy Trotter
|
|
Batting: RHB Jose Evangelista
|
0-0: Ball 1-0: Fly out, F9 (Flyball, 89S, EV 73.1 MPH)
|
Batting: SHB Chris Wagler
|
0-0: Ball 1-0: Ball 2-0: Ball 3-0: Called Strike 3-1: Fly out, F8 (Line Drive, 8LM, EV 98.1 MPH)
|
Batting: SHB Willie Medina
|
0-0: Fly out, F6 (Popup, 6, EV 79.4 MPH)
|
Bottom of the 1st over - 0 runs, 0 hits, 0 errors, 0 left on base; York 0 - Detroit 0 |
TOP OF THE 2ND |
York Revolution batting - Pitching for Detroit Red Wings : LHP Estêvão Cavadas
|
Batting: RHB Frank Ramirez
|
0-0: Fly out, F6 (Flyball, 6MD, EV 86.9 MPH)
|
Batting: SHB Brett St. Clair
|
0-0: SOLO HOME RUN (Line Drive, 7D, EV 105.0 MPH), Distance : 391 ft
|
Batting: RHB Lee Wright
|
0-0: Foul Ball, location: 2F 0-1: Ball 1-1: Swinging Strike 1-2: Ball 2-2: Ground out U3 (Groundball, 34, EV 103.1 MPH)
|
Batting: SHB Steve DeRienzo
|
0-0: Ball 1-0: Ball 2-0: Called Strike 2-1: Swinging Strike 2-2: Ball 3-2: Foul Ball, location: 2F 3-2: Strikes out swinging
|
Top of the 2nd over - 1 run, 1 hit, 0 errors, 0 left on base; York 1 - Detroit 0 |
BOTTOM OF THE 2ND |
Detroit Red Wings batting - Pitching for York Revolution : RHP Jeremy Trotter
|
Batting: LHB Glen Boyle
|
0-0: Ball 1-0: Foul Ball, location: 2F 1-1: Foul Ball, location: 2F 1-2: Foul Ball, location: 2F 1-2: Foul Ball, location: 2F 1-2: Fly out, F7 (Flyball, 78D, EV 75.6 MPH)
|
Batting: LHB Brad Gaskill
|
0-0: Ball 1-0: SINGLE (Line Drive, 7S, EV 104.4 MPH)
|
Batting: RHB Norm Wood
|
0-0: Fly out, F4 (Flyball, 34D, EV 83.1 MPH)
|
Batting: LHB Isao Fukui
|
0-0: Ball 1-0: Ball 2-0: Called Strike 2-1: Ball Wild Pitch! Brad Gaskill to second 3-1: Ground out 1-3 (Groundball, P, EV 70.6 MPH)
|
Bottom of the 2nd over - 0 runs, 1 hit, 0 errors, 1 left on base; York 1 - Detroit 0 |
TOP OF THE 3RD |
York Revolution batting - Pitching for Detroit Red Wings : LHP Estêvão Cavadas
|
Batting: RHB Ivan Barrientos
|
0-0: Foul Ball, location: 2F 0-1: DOUBLE (Groundball, 5L, EV 104.4 MPH)
|
Batting: LHB Jonathan Roman
|
0-0: Ball 1-0: Fly out, F8 (Flyball, 8RM, EV 89.4 MPH)
|
Batting: RHB Victor Arias
|
0-0: Called Strike 0-1: Ball 1-1: SINGLE (Line Drive, 34D, EV 97.5 MPH) Ivan Barrientos to third
|
Batting: LHB Joel Moore
|
0-0: Called Strike 0-1: Swinging Strike 0-2: Fly out, F7 (Flyball, 7LD, EV 97.5 MPH) Runner from 3rd tags up, SCORES, throw by LF
|
Batting: RHB Guan-pei Gao
|
0-0: Fly out, F8 (Flyball, 8RS, EV 85.0 MPH)
|
Top of the 3rd over - 1 run, 2 hits, 0 errors, 1 left on base; York 2 - Detroit 0 |
BOTTOM OF THE 3RD |
Detroit Red Wings batting - Pitching for York Revolution : RHP Jeremy Trotter
|
Batting: RHB Kevin Steed
|
0-0: Ball 1-0: Swinging Strike 1-1: SINGLE (Groundball, 56D, EV 95.6 MPH)
|
Batting: RHB Yankel Pensak
|
0-0: Ball 1-0: Ball 2-0: Fielders Choice at 2nd, 5-4 (Groundball, 56, EV 83.1 MPH)
|
Batting: RHB Jose Evangelista
|
0-0: Ball Yankel Pensak steals 2nd base 1-0: Foul Ball, location: 2F 1-1: Ball 2-1: Swinging Strike 2-2: Ball 3-2: Strikes out looking
|
Batting: SHB Chris Wagler
|
0-0: Called Strike 0-1: Foul Ball, location: 2F 0-2: Foul Ball, location: 2F 0-2: Ball 1-2: Fly out, F7 (Flyball, 7, EV 85.0 MPH)
|
Bottom of the 3rd over - 0 runs, 1 hit, 0 errors, 1 left on base; York 2 - Detroit 0 |
TOP OF THE 4TH |
York Revolution batting - Pitching for Detroit Red Wings : LHP Estêvão Cavadas
|
Batting: RHB Frank Ramirez
|
0-0: Called Strike 0-1: Swinging Strike 0-2: Strikes out swinging
|
Batting: SHB Brett St. Clair
|
0-0: Called Strike 0-1: Ball 1-1: Ball 2-1: Ground out 6-3 (Groundball, 6, EV 100.6 MPH)
|
Batting: RHB Lee Wright
|
0-0: Called Strike 0-1: Ball 1-1: Ball 2-1: Fly out, F9 (Line Drive, 89S, EV 93.1 MPH)
|
Top of the 4th over - 0 runs, 0 hits, 0 errors, 0 left on base; York 2 - Detroit 0 |
BOTTOM OF THE 4TH |
Detroit Red Wings batting - Pitching for York Revolution : RHP Jeremy Trotter
|
Batting: SHB Willie Medina
|
0-0: Ball 1-0: SINGLE (Groundball, 4D, EV 105.0 MPH)
|
Batting: LHB Glen Boyle
|
0-0: Ball 1-0: Ball 2-0: Called Strike 2-1: Ball 3-1: SINGLE (Popup, 34D, EV 45.6 MPH) Willie Medina to second
|
Batting: LHB Brad Gaskill
|
0-0: Fielders Choice at 2nd, 6-4 (Groundball, 56, EV 80.6 MPH) Willie Medina to third
|
Batting: RHB Norm Wood
|
0-0: Ball 1-0: Ball 2-0: Called Strike 2-1: Fly out, F8 (Flyball, 78M, EV 82.5 MPH) Runner from 3rd tags up, SCORES, throw by CF
|
Batting: LHB Isao Fukui
|
0-0: Ball 1-0: Called Strike 1-1: SINGLE (Flyball, 8RS, EV 94.4 MPH) Brad Gaskill to second
|
Batting: RHB Kevin Steed
|
0-0: Fielders Choice at 2nd, 6-4 (Groundball, 6, EV 105.0 MPH)
|
Bottom of the 4th over - 1 run, 3 hits, 0 errors, 2 left on base; York 2 - Detroit 1 |
TOP OF THE 5TH |
York Revolution batting - Pitching for Detroit Red Wings : LHP Estêvão Cavadas
|
Batting: SHB Steve DeRienzo
|
0-0: Fly out, F8 (Flyball, 8RM, EV 83.1 MPH)
|
Batting: RHB Ivan Barrientos
|
0-0: Called Strike 0-1: Ball 1-1: Ball 2-1: Foul Ball, location: 2F 2-2: Ball 3-2: Base on Balls
|
Batting: LHB Jonathan Roman
|
0-0: Ball 1-0: Ball 2-0: Called Strike Ivan Barrientos steals 2nd base 2-1: Ball 3-1: Foul Ball, location: 2F 3-2: Fly out, F9 (Flyball, 9D, EV 85.0 MPH) Runner from 2nd tags up, SAFE at 3rd, no throw by RF
|
Batting: RHB Victor Arias
|
0-0: Called Strike 0-1: Foul Ball, location: 2F 0-2: Ball 1-2: Foul Ball, location: 2F 1-2: Ball 2-2: Ground out 4-3 (Groundball, 4, EV 103.1 MPH)
|
Top of the 5th over - 0 runs, 0 hits, 0 errors, 1 left on base; York 2 - Detroit 1 |
BOTTOM OF THE 5TH |
Detroit Red Wings batting - Pitching for York Revolution : RHP Jeremy Trotter
|
Batting: RHB Yankel Pensak
|
0-0: Ground out 5-3 (Groundball, 56S, EV 94.4 MPH)
|
Batting: RHB Jose Evangelista
|
0-0: Called Strike 0-1: Called Strike 0-2: Ball 1-2: SINGLE (Groundball, 56S, EV 70.6 MPH) (infield hit)
|
Batting: SHB Chris Wagler
|
0-0: Ball 1-0: Ball 2-0: Fly out, F8 (Line Drive, 8LM, EV 94.4 MPH)
|
Batting: SHB Willie Medina
|
0-0: Ball 1-0: Called Strike 1-1: Ball 2-1: Ball 3-1: Called Strike Jose Evangelista steals 2nd base 3-2: SINGLE (Groundball, 4MD, EV 98.8 MPH) Jose Evangelista to third Runner from 3rd tries for Home, SAFE, throw by CF to home Willie Medina to second
|
Now in CF: Ivan Barrientos
|
|
Now in RF: Rich Kuehne
|
|
Batting: LHB Glen Boyle
|
0-0: Ball 1-0: Called Strike 1-1: Ball 2-1: Foul Ball, location: 2F 2-2: Ground out 6-3 (Groundball, 6M, EV 86.2 MPH)
|
Bottom of the 5th over - 1 run, 2 hits, 0 errors, 1 left on base; York 2 - Detroit 2 |
TOP OF THE 6TH |
York Revolution batting - Pitching for Detroit Red Wings : LHP Estêvão Cavadas
|
Batting: LHB Joel Moore
|
0-0: Ground out 4-3 (Groundball, 34, EV 85.0 MPH)
|
Batting: RHB Guan-pei Gao
|
0-0: Ball 1-0: Foul Ball, location: 2F 1-1: Fly out, F8 (Flyball, 78XD, EV 100.0 MPH)
|
Batting: LHB Rich Kuehne
|
0-0: DOUBLE (Line Drive, 3D, EV 95.6 MPH)
|
Batting: SHB Brett St. Clair
|
0-0: Foul Ball, location: 2F 0-1: Ball 1-1: Foul Ball, location: 2F 1-2: Ball 2-2: Ball 3-2: Foul Ball, location: 2F 3-2: Base on Balls
|
Batting: RHB Lee Wright
|
0-0: Swinging Strike 0-1: Ball 1-1: Ball 2-1: Fielders Choice at 2nd, 5-4 (Groundball, 56, EV 100.0 MPH)
|
Top of the 6th over - 0 runs, 1 hit, 0 errors, 2 left on base; York 2 - Detroit 2 |
BOTTOM OF THE 6TH |
Detroit Red Wings batting - Pitching for York Revolution : RHP Jeremy Trotter
|
Batting: LHB Brad Gaskill
|
0-0: Ball 1-0: Called Strike 1-1: Ball 2-1: Fly out, F7 (Line Drive, 7, EV 93.8 MPH)
|
Pitching: RHP Georgs Felitti
|
|
Batting: RHB Norm Wood
|
0-0: Bunt for hit to 2L - play at first, batter OUT! 2-3
|
Batting: LHB Isao Fukui
|
0-0: Ball 1-0: Called Strike 1-1: Swinging Strike 1-2: Strikes out looking
|
Bottom of the 6th over - 0 runs, 0 hits, 0 errors, 0 left on base; York 2 - Detroit 2 |
TOP OF THE 7TH |
York Revolution batting - Pitching for Detroit Red Wings : LHP Estêvão Cavadas
|
Batting: SHB Steve DeRienzo
|
0-0: Foul Ball, location: 2F 0-1: Foul Ball, location: 2F 0-2: Ball 1-2: Fly out, F4 (Popup, 34S, EV 65.0 MPH)
|
Batting: RHB Ivan Barrientos
|
0-0: Called Strike 0-1: Called Strike 0-2: Foul Ball, location: 2F 0-2: Foul Ball, location: 2F 0-2: Ball 1-2: Ball 2-2: Ball 3-2: Strikes out swinging
|
Batting: LHB Jonathan Roman
|
0-0: Called Strike 0-1: Ball 1-1: Foul Ball, location: 2F 1-2: Ball 2-2: SINGLE (Line Drive, 9S, EV 99.4 MPH)
|
Batting: RHB Victor Arias
|
0-0: Ball 1-0: Ball 2-0: Ground out 4-3 (Groundball, 34, EV 109.4 MPH)
|
Top of the 7th over - 0 runs, 1 hit, 0 errors, 1 left on base; York 2 - Detroit 2 |
BOTTOM OF THE 7TH |
Detroit Red Wings batting - Pitching for York Revolution : RHP Georgs Felitti
|
Batting: RHB Kevin Steed
|
0-0: Ball 1-0: Fly out, F5 (Flyball, 5D, EV 89.4 MPH)
|
Pinch Hitting: SHB Eisse Wijnja
|
0-0: Called Strike 0-1: Foul Ball, location: 2F 0-2: Ball 1-2: Strikes out swinging
|
Batting: RHB Jose Evangelista
|
0-0: Called Strike 0-1: Swinging Strike 0-2: Ball 1-2: Strikes out swinging
|
Bottom of the 7th over - 0 runs, 0 hits, 0 errors, 0 left on base; York 2 - Detroit 2 |
TOP OF THE 8TH |
York Revolution batting - Pitching for Detroit Red Wings : LHP Estêvão Cavadas
|
Now at 2B: Brandon Everett
|
|
Batting: LHB Joel Moore
|
0-0: Foul Ball, location: 2F 0-1: Ball 1-1: DOUBLE (Line Drive, 7LS, EV 108.8 MPH)
|
Batting: RHB Guan-pei Gao
|
0-0: Foul Ball, location: 2F 0-1: Ball 1-1: SINGLE (Line Drive, 89S, EV 105.6 MPH) Joel Moore to third
|
Batting: LHB Rich Kuehne
|
0-0: Ball 1-0: Fly out, F8 (Flyball, 8RS, EV 75.6 MPH)
|
Batting: SHB Brett St. Clair
|
0-0: Ball 1-0: Called Strike 1-1: Ball 2-1: Ball 3-1: Foul Ball, location: 2F 3-2: SINGLE (Groundball, 4MD, EV 105.6 MPH) Joel Moore scores Guan-pei Gao to second
|
Batting: RHB Lee Wright
|
0-0: Grounds into double play, 4-6-3 (Groundball, 4, EV 84.4 MPH)
|
Top of the 8th over - 1 run, 3 hits, 0 errors, 1 left on base; York 3 - Detroit 2 |
BOTTOM OF THE 8TH |
Detroit Red Wings batting - Pitching for York Revolution : RHP Georgs Felitti
|
Batting: SHB Chris Wagler
|
0-0: Called Strike 0-1: Ball 1-1: Called Strike 1-2: Ball 2-2: Strikes out looking
|
Batting: SHB Willie Medina
|
0-0: Ground out 4-3 (Groundball, 13, EV 87.5 MPH)
|
Batting: LHB Glen Boyle
|
0-0: Ball 1-0: Ball 2-0: Foul Ball, location: 2F 2-1: Swinging Strike 2-2: Strikes out looking
|
Bottom of the 8th over - 0 runs, 0 hits, 0 errors, 0 left on base; York 3 - Detroit 2 |
TOP OF THE 9TH |
York Revolution batting - Pitching for Detroit Red Wings : LHP Estêvão Cavadas
|
Batting: SHB Steve DeRienzo
|
0-0: Foul Ball, location: 2F 0-1: Ball 1-1: Foul Ball, location: 2F 1-2: DOUBLE (Line Drive, 89D, EV 110.6 MPH)
|
Pitching: RHP Leon Benitez
|
|
Batting: RHB Ivan Barrientos
|
0-0: Ground out 4-3 (Groundball, 4, EV 100.0 MPH) Steve DeRienzo to third
|
Batting: LHB Jonathan Roman
|
0-0: Intentional Walk
|
Batting: RHB Victor Arias
|
0-0: Ball Jonathan Roman is caught stealing 2nd base 2-4 1-0: Called Strike 1-1: Fly out, F7 (Flyball, 7, EV 73.8 MPH)
|
Top of the 9th over - 0 runs, 1 hit, 0 errors, 1 left on base; York 3 - Detroit 2 |
BOTTOM OF THE 9TH |
Detroit Red Wings batting - Pitching for York Revolution : RHP Georgs Felitti
|
Pitching: RHP Manny Cordova
|
|
Batting: LHB Brad Gaskill
|
0-0: Foul Ball, location: 2F 0-1: Ball 1-1: Swinging Strike 1-2: Strikes out swinging
|
Pinch Hitting: LHB Jamie Christian
|
0-0: Called Strike 0-1: Ball 1-1: Ball 2-1: Ball 3-1: Foul Ball, location: 2F 3-2: Strikes out swinging
|
Batting: LHB Isao Fukui
|
0-0: Foul Ball, location: 2F 0-1: Ball 1-1: DOUBLE (Line Drive, 7LS, EV 110.6 MPH)
|
Batting: RHB Kevin Steed
|
0-0: Called Strike 0-1: Foul Ball, location: 2F 0-2: Ball 1-2: Ball 2-2: Ball 3-2: Foul Ball, location: 2F 3-2: Strikes out swinging
|
Bottom of the 9th over - 0 runs, 1 hit, 0 errors, 1 left on base; York 3 - Detroit 2 |
|